 Dungeon Crawl Stone Soup version 0.22-a0-271-gc000056a37 (webtiles) character file.

486 RedPan the Firebug (level 7, -1/59 HPs)
             Began as an Ogre Fire Elementalist on Mar 10, 2018.
             Was an Initiate of Vehumet.
             Slain by a hound (2 damage)
             ... on level 5 of the Dungeon.
             The game lasted 00:10:44 (5993 turns).

RedPan the Firebug (Ogre Fire Elementalist)         Turns: 5993, Time: 00:10:45

Health: -1/59      AC:  3    Str: 13    XL:     7   Next: 13%
Magic:  8/13       EV: 10    Int: 18    God:    Vehumet [......]
Gold:   253        SH:  2    Dex:  9    Spells: 8/14 levels left

rFire    . . .     SeeInvis .   b - +1 dagger
rCold    . . .     Gourm    .   (no shield)
rNeg     . . .     Faith    .   a - +0 robe
rPois    .         Spirit   .   (helmet restricted)
rElec    .         Reflect  +   (no cloak)
rCorr    .         Harm     .   (gloves unavailable)
MR       .....                  (boots unavailable)
Stlth    ++........             j - +2 amulet of reflection
HPRegen  0.19/turn              (no ring)
MPRegen  0.13/turn              (no ring)

@: no status effects
A: large, unfitting armour, tough skin 1
a: Renounce Religion


You were on level 5 of the Dungeon.
You worshipped Vehumet.
Vehumet was noncommittal.
You were not hungry.

You visited 2 branches of the dungeon, and saw 6 of its levels.

You collected 266 gold pieces.
You spent 13 gold pieces at shops.

Inventory:

Hand Weapons
 b - a +1 dagger (weapon)
 g - a +0 short sword
Armour
 a - a +0 robe (worn)
Jewellery
 j - a +2 amulet of reflection (around neck)
Scrolls
 f - 3 scrolls of amnesia
 h - a scroll of identify
 l - a scroll of fog
 r - 4 scrolls of remove curse
Potions
 e - 3 potions of flight
 k - a potion of haste
 m - 3 potions of cancellation
 s - a potion of brilliance
Comestibles
 c - 6 rations
 d - a chunk of flesh


   Skills:
 + Level 3.2 Dodging
 + Level 2.3 Stealth
 + Level 4.1 Spellcasting
 + Level 3.2 Conjurations
 * Level 4.4 Fire Magic


You had 8 spell levels left.
You knew the following spells:

 Your Spells              Type           Power        Failure   Level  Hunger
a - Flame Tongue          Conj/Fire      ###..        3%          1    None
b - Throw Flame           Conj/Fire      ###...       4%          2    ##.....
c - Conjure Flame         Conj/Fire      ###.....     9%          3    ###....


Dungeon Overview and Level Annotations

Branches:
Dungeon (5/15)             Temple (1/1) D:4

Altars:
Ashenzari
Cheibriados
Dithmenos
Elyvilon
Fedhas
Gozag
Hepliaklqana
Kikubaaqudgha
Makhleb
Nemelex Xobeh
Okawaru
Qazlal
Ru
Sif Muna
Trog
Uskayaw
Vehumet
Wu Jian
Yredelemnul
Zin
The Shining One

Shops:
D:4 *


Innate Abilities, Weirdness & Mutations

You are too large for most types of armour.
You have tough skin. (AC +1)


Message History

* * * LOW HITPOINT WARNING * * *
Casting: Flame Tongue (safe; 3% risk of failure)
Confirm with . or Enter, or press ? or * to list all spells.
Aiming: Flame Tongue (safe; 3% risk of failure)
Press: ? - help, Shift-Dir - straight line, f/p - hound
Aim: a hound (moderately wounded)
The flame tongue hits the hound.
The hound is severely wounded.
The hound closely misses you.
Casting: Flame Tongue (safe; 3% risk of failure)
Confirm with . or Enter, or press ? or * to list all spells.
Aiming: Flame Tongue (safe; 3% risk of failure)
Press: ? - help, Shift-Dir - straight line, f/p - hound
Aim: a hound (heavily wounded)
The flame tongue hits the hound.
The hound is almost dead.
The hound bites you.
* * * LOW HITPOINT WARNING * * *
The crimson imp blinks!
The hound bites you.
You die...

.#####...#..#######
##............
#.#.5......##
##...###......
######### #####...##
###..##
#......(###..5....#
##.##
#.......(...#####.#
#.##
#......(#########..#
#...
#......(§ch@.......#
####
#......(.###########
#.......## #....$..#
#.......# #.......#
#########


You could see a centaur and a hound.

Vanquished Creatures
  3 orc priests
  A hound (D:2)
  3 orc wizards
  An iguana (D:4)
  2 worker ants (D:4)
  2 adders (D:2)
  4 gnolls (D:4)
  2 river rats (D:4)
  2 oozes (D:1)
  An adder skeleton (D:4)
  5 worms
  2 dart slugs
  2 leopard geckos (D:1)
  13 orcs
  5 giant cockroaches
  12 goblins
  8 hobgoblins
  3 jackals
  A quokka (D:2)
  A ball python (D:4)
  6 bats
  8 frilled lizards
  7 kobolds
  6 rats
100 creatures vanquished.

Notes
Turn   | Place    | Note
-------+----------+-------------------------------------------
     0 | D:1      | RedPan the Ogre Fire Elementalist began the quest for the Orb.
     0 | D:1      | Reached XP level 1. HP: 16/16 MP: 3/3
   223 | D:1      | Reached skill level 1 in Conjurations
   442 | D:1      | Reached XP level 2. HP: 24/24 MP: 3/5
   819 | D:1      | Reached XP level 3. HP: 31/31 MP: 2/6
  1260 | D:1      | Learned a level 2 spell: Throw Flame
  1264 | D:1      | Learned a level 3 spell: Conjure Flame
  1765 | D:2      | Reached XP level 4. HP: 39/39 MP: 4/8
  2680 | D:2      | Reached XP level 5. HP: 41/45 MP: 1/9
  3237 | D:3      | Found an opulent altar of Gozag.
  4072 | D:4      | Found a staircase to the Ecumenical Temple.
  4147 | Temple   | Entered the Ecumenical Temple
  4211 | Temple   | Became a worshipper of Vehumet
  4523 | D:4      | Reached XP level 6. HP: 34/53 MP: 4/11
  4766 | D:4      | Found Gylalemas's General Store.
  4823 | D:4      | Bought a potion of degeneration for 13 gold pieces
  5530 | D:5      | Entered Level 5 of the Dungeon
  5813 | D:5      | Reached XP level 7. HP: 53/59 MP: 7/13
  5991 | D:5      | HP: 1/59 [hound (5)]
  5993 | D:5      | Slain by a hound

Vault maps used:
D:1:      mrwooster_arrival_statue, kennysheep_decorative_pillar,
          grunt_decor_one_mirror
D:2:      kennysheep_the_goblin_king, first_ration
D:3:      grunt_gozag_statues
D:4:      lemuel_temple_firewalk_b, serial_shops, shop, serial_curves,
          eino_curves_02, eino_curves_04, portal_sewer_entry_c
D:5:      basic_altar, serial_shops, nicolae_shop_trees
Temple:   nicolae_temple_the_god_donut

Skill      XL: |  1  2  3  4  5  6 |
---------------+-------------------+-----
Conjurations   | 1 2 3 |  3.2
Dodging        | 2 3 |  3.2
Fire Magic     | 3 4 |  4.4
Spellcasting   | 3 4 |  4.1
Stealth        | 2 |  2.3

Action                   |  1- 3 |  4- 6 |  7- 9 || total
-------------------------+-------+-------+-------++-------
Melee: Unarmed           |     9 |       |       ||     9
       Short sword       |     3 |       |       ||     3
       Dagger            |    43 |    51 |    23 ||   117
 Cast: Flame Tongue      |    62 |   151 |     9 ||   222
       Conjure Flame     |       |       |     1 ||     1
  Use: Scroll            |       |     9 |       ||     9
       Potion            |       |     5 |       ||     5
  Eat: Chunk             |     3 |    10 |       ||    13
       Ration            |       |     1 |       ||     1
Armor: Robe              |    21 |    30 |     4 ||    55
Dodge: Dodged            |    39 |    58 |    16 ||   113
Block: Other             |     5 |    10 |     2 ||    17

Table legend:
 A = Spawn XP
 B = Non-spawn XP
 C = Spawn XP percentage of total XP
 D = Spawn monster count
 E = Non-spawn monster count
 F = Spawn count percentage of total count
 G = Total turns spent on level
                    A         B        C        D         E        F      G
               +---------+---------+-------+---------+---------+-------+---------
         Total |       0 |     695 |   0.0 |       0 |     100 |   0.0 |  5993
               +---------+---------+-------+---------+---------+-------+---------
           D:1 |       0 |      51 |   0.0 |       0 |      24 |   0.0 |  1438
           D:2 |       0 |     114 |   0.0 |       0 |      25 |   0.0 |  1415
           D:3 |       0 |      31 |   0.0 |       0 |      16 |   0.0 |   858
           D:4 |       0 |     401 |   0.0 |       0 |      28 |   0.0 |  1994
           D:5 |       0 |      96 |   0.0 |       0 |       6 |   0.0 |   202
        Temple |       0 |       2 |   0.0 |       0 |       1 |   0.0 |    86
               +---------+---------+-------+---------+---------+-------+---------
